 Dungeon Crawl Stone Soup version 0.29.1-15-g9cfb28693d (webtiles) character file.

Game seed: 11228775104682701753

717 booth the Caller (level 7, -6/45 HPs)
             Began as a Gnoll Summoner on May 2, 2023.
             Killed by an exploding themself (24 damage)
             ... ignited by their inner flame
             ... on level 5 of the Dungeon on May 3, 2023.
             The game lasted 00:38:56 (4414 turns).

booth the Caller (Gnoll Summoner)                   Turns: 4414, Time: 00:38:56

Health: -6/45      AC: 14    Str:  8 (9)  XL:     7   Next: 70%
Magic:  11/15      EV: 12    Int: 15      God:
Gold:   373        SH:  0    Dex:  7 (10) Spells: 5/17 levels left

rFire   . . .      SeeInvis +   c - +1 spear
rCold   . . .      Faith    .   (no shield)
rNeg    . . .      Spirit   .   n - +5 robe of Night {Dark Will+ SInv}
rPois   .          Reflect  .   z - +0 helmet
rElec   .          Harm     .   (no cloak)
rCorr   .          Rampage  .   p - +0 pair of gloves
Will    +....                   B - +2 pair of boots
Stlth   ++........              o - amulet of regeneration
HPRegen 0.95/turn               (no ring)
MPRegen 0.14/turn               (no ring)

@: brilliant
A: fangs 1, strong nose, distributed training, iridescent scales 1, see
invisible, clumsy 1, frail 1
a: no special abilities


You were on level 5 of the Dungeon.
You visited 1 branch of the dungeon, and saw 5 of its levels.

You collected 373 gold pieces.

Inventory:

Hand Weapons
 c - a +1 spear (weapon)
 j - a +0 flail
Missiles
 y - 2 boomerangs
Armour
 g - a +0 leather armour
 n - the +5 robe of Night (worn) {Dark Will+ SInv}
   (You found it on level 2 of the Dungeon)

   It shrouds the wearer in darkness, reducing the range at which they can see
   and be seen by others.
   SInv:      It lets you see invisible.
   Will:      It increases your willpower.
 p - a +0 pair of gloves (worn)
 z - a +0 helmet (worn)
 B - a +2 pair of boots (worn)
Jewellery
 o - an amulet of regeneration (around neck)
Wands
 f - a wand of quicksilver (5)
 w - a wand of mindburst (14)
Scrolls
 a - a scroll of magic mapping
 e - a scroll of fog
 h - 2 scrolls of amnesia
 i - 3 scrolls of teleportation
 s - 2 scrolls of fear
 u - a scroll of noise {unknown}
Potions
 b - 2 potions of magic
 d - 5 potions of curing
 k - a potion of might
 l - a potion of berserk rage
 m - a potion of flight {unknown}
 q - a potion of lignification {unknown}
 t - a potion of mutation


   Skills:
 + Level 2.7 Fighting
 + Level 2.7 Short Blades
 + Level 2.7 Long Blades
 + Level 2.7 Axes
 + Level 2.7 Maces & Flails
 + Level 2.7 Polearms
 + Level 2.7 Staves
 + Level 2.7 Ranged Weapons
 + Level 2.7 Throwing
 + Level 2.7 Armour
 + Level 5.4 Dodging
 + Level 5.0 Stealth
 + Level 2.7 Shields
 + Level 2.7 Unarmed Combat
 + Level 5.7 Spellcasting
 + Level 2.2 Conjurations
 + Level 2.2 Hexes
 + Level 7.5 Summonings
 + Level 2.2 Necromancy
 + Level 2.2 Translocations
 + Level 2.2 Transmutations
 + Level 2.2 Fire Magic
 + Level 2.2 Ice Magic
 + Level 2.2 Air Magic
 + Level 2.2 Earth Magic
 + Level 2.2 Poison Magic
 + Level 3.0 Invocations
 + Level 2.7 Evocations


You had 5 spell levels left.
You knew the following spells:

 Your Spells              Type           Power      Damage    Failure   Level
a - Summon Small Mammal   Summ           100%       N/A       1%          1
b - Call Imp              Summ           40%        N/A       1%          2
c - Call Canine Familiar  Summ           40%        N/A       1%          3
d - Summon Guardian Gole  Hex/Summ       28%        N/A       6%          3
e - Stone Arrow           Conj/Erth      32%        3d9       19%         3

Your spell library contained the following spells:

 Spells                   Type           Power      Damage    Failure   Level
 Animate Armour           Summ/Erth      56%        N/A       21%         4
 Summon Lightning Spire   Summ/Air       28%        N/A       21%         4
 Lehudib's Crystal Spear  Conj/Erth      8%         10d3      100%        8


Dungeon Overview and Level Annotations

Branches:
Dungeon (5/15)             Temple (0/1) D:5

Altars:
Ashenzari
Fedhas

Shops:
D:4 =


Innate Abilities, Weirdness & Mutations

You have very sharp teeth.
Your uncanny sense of smell can sniff out nearby items.
Your experience applies equally to all skills.
You are partially covered in iridescent scales. (AC +2)
You have supernaturally acute eyesight. (SInv)
You are clumsy. (Dex -2)
You are frail. (-10% HP)


Message History

Your body is wracked with pain!
* * * LOW HITPOINT WARNING * * *
Reach: c) +1 spear
Press: ? - help, Dir - move target, f/p - Menkaure
Aim: Menkaure (almost destroyed, fast, ally target, about 26% to evade your +1 spear)
You could not reach far enough!
Menkaure hits your guardian golem but does no damage.
Reach: c) +1 spear
Press: ? - help, Dir - move target, f/p - Menkaure
Aim: Menkaure (almost destroyed, fast, ally target, about 26% to evade your +1 spear)
You reach to attack!
You hit Menkaure.
Menkaure is almost destroyed.
Menkaure calls on the powers of darkness!
Your body is wracked with pain!
* * * LOW HITPOINT WARNING * * *
Reach: c) +1 spear
Press: ? - help, Dir - move target, f/p - Menkaure
Aim: Menkaure (almost destroyed, fast, ally target, about 26% to evade your +1 spear)
You could not reach far enough!
Menkaure hits your guardian golem but does no damage.
You feel better.
Menkaure hits your guardian golem but does no damage.
Reach: c) +1 spear
Press: ? - help, Dir - move target, f/p - Menkaure
Aim: Menkaure (almost destroyed, fast, ally target, about 26% to evade your +1 spear)
You could not reach far enough!
Menkaure hits your guardian golem but does no damage.
Reach: c) +1 spear
Press: ? - help, Dir - move target, f/p - Menkaure
Aim: Menkaure (almost destroyed, fast, ally target, about 26% to evade your +1 spear)
You could not reach far enough!
Menkaure hits your guardian golem!!
Your guardian golem overheats!
Your crimson imp blinks!
Menkaure hits your guardian golem.
Your guardian golem disappears in a puff of smoke!
Your guardian golem explodes!
The fiery explosion engulfs Menkaure!!!
Menkaure is burned terribly!
Menkaure is destroyed!
The fiery explosion engulfs you!!
Ouch! That really hurt!
You die...

####### #>...M.
#...... #.####.#
#..§§#.####
####§#....#
#@§....####
#..........
#.....5...$
#..........
##..........
########...........
#................##
#.####.....####..#
#.#∆ ##...## ∆ ....


You could see a friendly crimson imp (summoned, sheltered).

Vanquished Creatures
  A scorpion (D:5)
  A necrophage (D:5)
  An iguana (D:4)
  An adder (D:4)
  An ufetubus (D:5)
  A worm (D:2)
  A dart slug (D:1)
  2 orcs
  4 ball pythons
  2 bats
  An endoplasm (D:3)
  A giant cockroach (D:3)
  3 goblins
  2 hobgoblins
  A jackal (D:3)
  2 quokkas
  4 frilled lizards
  3 kobolds
  A rat (D:3)
  A toadstool (D:1)
34 creatures vanquished.

Vanquished Creatures (collateral kills)
  Sigmund (D:5)
  A black bear (D:4)
  A scorpion (D:5)
  A jelly (D:5)
  An orc priest (D:3)
  A hound (D:4)
  An orc wizard (D:3)
  3 adders
  3 dart slugs
  9 orcs
  2 ball pythons
  4 endoplasms
  5 giant cockroaches
  3 goblins
  4 hobgoblins
  A jackal (D:3)
  4 quokkas
  2 bats
  A frilled lizard (D:2)
  3 kobolds
  2 rats
53 creatures vanquished.

Vanquished Creatures (others)
  Menkaure (D:5)
  A fungus (D:1)
  3 toadstools (D:1)
5 creatures vanquished.

Grand Total: 92 creatures vanquished

Notes
Turn   | Place    | Note
-------+----------+-------------------------------------------
     0 | D:1      | booth the Gnoll Summoner began the quest for the Orb.
     0 | D:1      | Reached XP level 1. HP: 13/13 MP: 6/6
   175 | D:1      | Reached XP level 2. HP: 19/19 MP: 5/7
   866 | D:1      | Learned a level 2 spell: Call Imp
  1083 | D:2      | Found the +5 robe of Night {Dark Will+ SInv}
  1181 | D:2      | Reached skill level 5 in Spellcasting
  1181 | D:2      | Reached XP level 3. HP: 25/25 MP: 3/9
  1203 | D:2      | Reached skill level 1 in Invocations
  1370 | D:2      | Reached skill level 1 in Fighting
  1370 | D:2      | Reached skill level 1 in Short Blades
  1370 | D:2      | Reached skill level 1 in Long Blades
  1370 | D:2      | Reached skill level 1 in Axes
  1370 | D:2      | Reached skill level 1 in Maces & Flails
  1370 | D:2      | Reached skill level 1 in Polearms
  1370 | D:2      | Reached skill level 1 in Staves
  1370 | D:2      | Reached skill level 1 in Ranged Weapons
  1370 | D:2      | Reached skill level 1 in Throwing
  1370 | D:2      | Reached skill level 1 in Armour
  1370 | D:2      | Reached skill level 1 in Shields
  1370 | D:2      | Reached skill level 1 in Unarmed Combat
  1370 | D:2      | Reached skill level 1 in Evocations
  1444 | D:2      | Learned a level 3 spell: Call Canine Familiar
  1813 | D:2      | Reached XP level 4. HP: 32/32 MP: 8/11
  2033 | D:3      | Reached skill level 1 in Conjurations
  2033 | D:3      | Reached skill level 1 in Hexes
  2033 | D:3      | Reached skill level 1 in Necromancy
  2033 | D:3      | Reached skill level 1 in Translocations
  2033 | D:3      | Reached skill level 1 in Transmutations
  2033 | D:3      | Reached skill level 1 in Fire Magic
  2033 | D:3      | Reached skill level 1 in Ice Magic
  2033 | D:3      | Reached skill level 1 in Air Magic
  2033 | D:3      | Reached skill level 1 in Earth Magic
  2033 | D:3      | Reached skill level 1 in Poison Magic
  2180 | D:3      | Found a broken altar of Ashenzari.
  2249 | D:3      | Reached XP level 5. HP: 37/37 MP: 8/12
  2840 | D:4      | Found Vuiqe's Jewellery Shoppe.
  3033 | D:4      | Noticed a black bear
  3059 | D:4      | Killed a black bear
  3060 | D:4      | Reached XP level 6. HP: 20/44 MP: 8/14
  3221 | D:4      | Reached skill level 5 in Dodging
  3662 | D:4      | Learned a level 3 spell: Summon Guardian Golem
  3666 | D:4      | Learned a level 3 spell: Stone Arrow
  3884 | D:4      | Gained mutation: You are frail. (-10% HP) [potion of
                  | mutation]
  3884 | D:4      | Gained mutation: You are clumsy. (Dex -2) [potion of
                  | mutation]
  3884 | D:4      | Gained mutation: You are partially covered in iridescent
                  | scales. (AC +2) [potion of mutation]
  3884 | D:4      | Gained mutation: You have supernaturally acute eyesight.
                  | (SInv) [potion of mutation]
  3905 | D:5      | Entered Level 5 of the Dungeon
  4142 | D:5      | Found a blossoming altar of Fedhas.
  4168 | D:5      | Reached XP level 7. HP: 44/45 MP: 13/15
  4181 | D:5      | Noticed Sigmund
  4257 | D:5      | Killed Sigmund
  4258 | D:5      | Reached skill level 5 in Stealth
  4313 | D:5      | Found a staircase to the Ecumenical Temple.
  4391 | D:5      | Noticed Menkaure
  4414 | D:5      | Killed Menkaure
  4414 | D:5      | Killed by an exploding themself... ignited by their inner
                  | flame

Illustrated notes

Levels and vault maps discovered:
D:1:      minmay_arrival_up_and_down, layout_rooms, minmay_gold_behind_fungi,
          grunt_decor_arrowhead
D:2:      kennysheep_six_static_rooms, layout_basic
D:3:      layout_loops_ring, old_standard_altar
D:4:      layout_gridville, serial_shops, nicolae_shop_behind_doors
D:5:      cheibrodos_barr_body, layout_basic, gammafunk_temple_overflow_wave,
          nicolae_overflow_crystal_walls, minmay_temple_entry_from_below_a,
          chequers_serial_rivers_micro_c, minivault_1, uniq_menkaure,
          uniq_sigmund

Skill      XL: |  1  2  3  4  5  6  7 |
---------------+----------------------+-----
Spellcasting   | 5 |  5.7
Invocations    | 1 2 3 |  3.0
Fighting       | 1 2 |  2.7
Short Blades   | 1 2 |  2.7
Long Blades    | 1 2 |  2.7
Axes           | 1 2 |  2.7
Maces & Flails | 1 2 |  2.7
Polearms       | 1 2 |  2.7
Staves         | 1 2 |  2.7
Ranged Weapons | 1 2 |  2.7
Throwing       | 1 2 |  2.7
Armour         | 1 2 |  2.7
Shields        | 1 2 |  2.7
Unarmed Combat | 1 2 |  2.7
Evocations     | 1 2 |  2.7
Conjurations   | 1 2 |  2.2
Hexes          | 1 2 |  2.2
Necromancy     | 1 2 |  2.2
Translocations | 1 2 |  2.2
Transmutations | 1 2 |  2.2
Fire Magic     | 1 2 |  2.2
Ice Magic      | 1 2 |  2.2
Air Magic      | 1 2 |  2.2
Earth Magic    | 1 2 |  2.2
Poison Magic   | 1 2 |  2.2
Dodging        | 5 |  5.4
Stealth        | 5 |  5.0
Summonings     | |  7.5

Action                   |  1- 3 |  4- 6 |  7- 9 || total
-------------------------+-------+-------+-------++-------
Melee: Spear             |    88 |   117 |    18 ||   223
       Bite              |    14 |    12 |     3 ||    29
       Punch             |     2 |     2 |       ||     4
Throw: Boomerang         |       |     1 |       ||     1
 Cast: Summon Small Mamm |    22 |     5 |       ||    27
       Call Imp          |     3 |    16 |     2 ||    21
       Call Canine Famil |       |     6 |     4 ||    10
       Summon Guardian G |       |       |     3 ||     3
  Use: Scroll            |     5 |     6 |       ||    11
       Potion            |     1 |     6 |     2 ||     9
 Stab: Sleeping          |     1 |     4 |       ||     5
       Distracted        |     1 |     1 |     1 ||     3
Armor: Robe              |    26 |    37 |     4 ||    67
Dodge: Dodged            |    50 |    82 |    14 ||   146
